[Event "Live Chess"]
[Site "Chess.com"]
[Date "2024.06.02"]
[Round "-"]
[White "JanMur7"]
[Black "Dhaydon19"]
[Result "0-1"]
[WhiteElo "2306"]
[BlackElo "2675"]
[TimeControl "300"]
[EndTime "16:08:51 PDT"]
[Termination "Dhaydon19 won by resignation"]

1. c4 e6 2. Nc3 d5 3. d4 Nf6 4. cxd5 exd5 5. Bg5 c6 6. e3 Be7 7. Nf3 O-O 8. Bd3 Nbd7 9. O-O Re8 10. h3 Nf8 11. Ne5 Ng6 12. f4 Nd7 13. Bxe7 Qxe7 14. Qf3 Ndf8 15. Rf2 f6 16. Nxg6 hxg6 17. Re1 f5 18. g4 Nh7 19. g5 Nf8 20. h4 Be6 21. Rh2 Bf7 22. a3 Ne6 23. Ree2 Qd6 24. h5 gxh5 25. Bxf5 g6 26. Bd3 Ng7 27. Na4 Re7 28.
Bc2 Be6 29. Nc5 Bg4 30. Qf2 Bxe2 31. Qxe2 Ne6 32. Nxe6 Qxe6 33. Kf2 Rf8 34. Qd3 Rg7 35.
b4 a6 36. Qf1 Qg4 37. Qh3 Qxg5 38. Qe6+ Kh7 39. Qd6 Rff7 40. Rg2 Qh4+ 41. Kf1 Qf6 42. Qxf6 Rxf6 43. Rg5 Kh6 44. Kf2 Re7 45. Rg3 Rfe6 46.
a4 Rg7 47. Bd3 g5 48. f5 Rf6 49. Rg1 g4 50. Kg3 Kg5 51. Rh1 Re7 0-1

[Event "Live Chess"]
[Site "Chess.com"]
[Date "2024.06.02"]
[Round "-"]
[White "vincents82"]
[Black "WelshTiger"]
[Result "1/2-1/2"]
[WhiteElo "2051"]
[BlackElo "2476"]
[TimeControl "300"]
[EndTime "16:09:06 PDT"]
[Termination "Game drawn by agreement"]

1. e4 c5 2. Nf3 d6 3. d4 cxd4 4. Nxd4 Nf6 5. f3 e5 6. Nb3 d5 7.
Bg5 d4 8. c3 Nc6 9. cxd4 Bb4+ 10. Nc3 Nxd4 11. Nxd4 Qxd4 12. Qxd4 exd4 13. a3 dxc3 14.
axb4 cxb2 15. Rb1 a5 16. Bxf6 gxf6 17. Bb5+ Bd7 18. Bxd7+ Kxd7 19. bxa5 Rxa5 20. Ke2 Ra2 21. Rhd1+ Ke6 22. Rd2 b5 23. Rdxb2 Rxb2+ 24. Rxb2 Rb8 25. Rb4 Kd6 26. Kd3 Kc5 27. Rb3 b4 28. Rb1 Ra8 29.
Rc1+ Kb5 30. Rc7 Ra3+ 31. Kc2 Ra2+ 32. Kb3 Rxg2 33. Rxf7 Rxh2 34. Rxf6 Kc5 35. Rf5+ Kd4 36. Kxb4 h5 37. Rd5+ Ke3 38. e5 Kxf3 39. e6 h4 40. Re5 Rb2+ 41. Kc3 Rb8 42. e7 Re8 43. Kd3 h3 44.
Rf5+ Kg3 45. Rf7 h2 46. Rg7+ Kf2 47. Rf7+ Kg1 48. Rg7+ Kf1 49. Rf7+ Ke1 50. Rh7 Kf1 51. Rxh2 Rxe7 1/2-1/2

[Event "Live Chess"]
[Site "Chess.com"]
[Date "2024.06.02"]
[Round "-"]
[White "TedUdale"]
[Black "hapehansen"]
[Result "0-1"]
[WhiteElo "2104"]
[BlackElo "2248"]
[TimeControl "300"]
[EndTime "16:09:09 PDT"]
[Termination "hapehansen won by resignation"]

1. e4 c6 2. Nc3 d5 3. exd5 cxd5 4.
d4 Nc6 5. Nf3 Nf6 6. Bb5 Bd7 7.
O-O e6 8. Re1 Be7 9. Bf4 O-O 10.
a3 Qb6 11. Bxc6 bxc6 12. Na4 Qa5 13. c3 Ne4 14. b4 Qb5 15. Qc2 Rfc8 16. Ne5 Be8 17.
f3 Nd6 18. Nc5 a5 19. Reb1 a4 20. Re1 Nc4 21. Nxc4 Qxc4 22. Re2 Bxc5 23. bxc5 f6 24. Rxe6 Bg6 25. Qd2 Ra7 26. Qb2 Qb3 27. Qxb3 axb3 28. Re2 Bc2 29. Bc1 Kf7 30. Bb2 Re8 31. Rae1 Rxe2 32. Rxe2 Re7 33. Kf2 Rxe2+ 34. Kxe2 Ke6 35.
g3 Kd7 36. Ke3 Kc7 37. g4 g5 38. f4 h6 39. fxg5 fxg5 40. Ke2 Kb7 41. Kf2 Ka6 42. Kg3 Kb5 43. h4 Kc4 44. hxg5 hxg5 45. Kf3 Bd1+ 46. Kg3 Kd3 47. a4 Kc2 48. Ba3 b2 49. Bxb2 Kxb2 50.
a5 Be2 51. Kf2 Ba6 52. Ke3 Kxc3 53. Kf3 Kxd4 54. Kg3 Kxc5 55. Kf2 Kb4 56. Ke3 Kxa5 57. Kd4 Kb6 58. Kc3 Be2 59. Kd4 Bxg4 60. Ke5 Be2 61. Kf6 c5 62. Kxg5 c4 0-1

[Event "Live Chess"]
[Site "Chess.com"]
[Date "2024.06.02"]
[Round "-"]
[White "LL220284LL"]
[Black "NottheBishopSacrifice"]
[Result "0-1"]
[WhiteElo "2501"]
[BlackElo "2304"]
[TimeControl "300"]
[EndTime "16:09:59 PDT"]
[Termination "NottheBishopSacrifice won by resignation"]

1. g3 d5 2. Bg2 c5 3. Nf3 Nc6 4.
O-O e5 5. d3 Be7 6. b3 h5 7. Bb2 f6 8. Nbd2 Nh6 9. Nh4 Be6 10. Ng6 Rh7 11. Nxe7 Qxe7 12. c4 dxc4 13. Nxc4 Nf5 14. Qd2 Kf7 15. Rac1 h4 16. Ne3 Ncd4 17.
Nxf5 Bxf5 18. Ba3 hxg3 19. Bxc5 gxh2+ 20. Kh1 Qe6 21. Bxd4 exd4 22. Rc7+ Kg6 23. Qf4 Bh3 24. Qg3+ Qg4 25. Rxb7 Qxg3 26. fxg3 Bxg2+ 27. Kxg2 Re8 28.
Kh1 Rxe2 29. Rxa7 Rh3 30. Ra4 Rxg3 31. Rxd4 f5 32. Rdf4 Rxa2 33. R4f2 Rxf2 34. Rxf2 Rxd3 35. Rb2 Rd5 36. b4 Rb5 37. Kxh2 Kf6 38. Kg3 g5 39. Kf3 Ke5 40. Ke3 f4+ 41. Kf3 Kf5 42. Rb1 g4+ 43. Ke2 Ke4 44. Kf2 Kf5 45. Ke2 f3+ 46. Ke3 Re5+ 47. Kf2 Kf4 48. b5 g3+ 49. Kg1 f2+ 50.
Kg2 Re1 51. Rb4+ Ke5 0-1

[Event "Live Chess"]
[Site "Chess.com"]
[Date "2024.06.02"]
[Round "-"]
[White "Queensandpawns"]
[Black "upoe610"]
[Result "0-1"]
[WhiteElo "2310"]
[BlackElo "2196"]
[TimeControl "300"]
[EndTime "16:10:14 PDT"]
[Termination "upoe610 won by resignation"]

1. e4 e5 2. d4 exd4 3. c3 Qe7 4. Bd3 d5 5. cxd4 dxe4 6. Bc2 Nf6 7. Nc3 Nc6 8. Bg5 Bf5 9. Nd5 Qd6 10. Ne3 Bg6 11.
Ne2 Be7 12. Bf4 Qd7 13. d5 Nb4 14. Bb3 Nd3+ 15. Kf1 Nxf4 16. Nxf4 O-O 17. h4 Bd6 18. Nxg6 fxg6 19. Rc1 Kh8 20. Kg1 Nh5 21. Qg4 Qf7 22.
Rf1 Rae8 23. Bd1 Qf4 24. Qd7 Ng3 0-1

[Event "Live Chess"]
[Site "Chess.com"]
[Date "2024.06.02"]
[Round "-"]
[White "TheSmoulderingMaster"]
[Black "NebodarMatevich"]
[Result "1-0"]
[WhiteElo "1749"]
[BlackElo "1562"]
[TimeControl "300"]
[EndTime "16:10:32 PDT"]
[Termination "TheSmoulderingMaster won by resignation"]

1. e4 d5 2. exd5 Qxd5 3. Nc3 Qd6 4. Nf3 Nf6 5. Be2 a6 6. d4 Bf5 7. O-O Nc6 8. Bg5 O-O-O 9. Qd2 Nxd4 10. Nxd4 Qxd4 11.
Qc1 Qe5 12. Re1 Qc5 13. Bf3 e6 14. Qf4 Bd6 15. Qa4 h6 16. Bh4 g5 17. Bg3 Bxg3 18.
hxg3 g4 19. Be2 Ne4 20. Nxe4 Bxe4 21. Qxe4 h5 22. Rad1 Rde8 23. Qf4 f5 24. b3 h4 25. Bc4 h3 26. Rxe6 hxg2 27. Rxe8+ Rxe8 28. Kxg2 Qc6+ 29. Bd5 Qxc2 30. Rc1 1-0

[Event "Live Chess"]
[Site "Chess.com"]
[Date "2024.06.02"]
[Round "-"]
[White "ShanthamGrarks"]
[Black "NeilDruggan73"]
[Result "1-0"]
[WhiteElo "1811"]
[BlackElo "1740"]
[TimeControl "300"]
[EndTime "16:11:19 PDT"]
[Termination "ShanthamGrarks won by resignation"]

1. d4 Nf6 2. Nc3 g6 3. Bf4 Bg7 4. e4 d6 5. h4 h5 6. Be2 Nc6 7. Nf3 b6 8. d5 Nb8 9. Ng5 Nbd7 10. g4 Ne5 11. Bxe5 dxe5 12. gxh5 Nxh5 13. Bxh5 Rxh5 14. Qf3 f6 15. Ne6 Bxe6 16. dxe6 c6 17. Rd1 Qc8 18. Rd7 b5 19. Rg1 Rh6 20. Rxg6 Rxg6 21. Qh5 Qxd7 22.
Qxg6+ Kd8 23. exd7 1-0

[Event "Live Chess"]
[Site "Chess.com"]
[Date "2024.06.02"]
[Round "-"]
[White "MagnersCarlsberg2870"]
[Black "GwaryTek"]
[Result "1-0"]
[WhiteElo "1776"]
[BlackElo "1907"]
[TimeControl "300"]
[EndTime "16:11:34 PDT"]
[Termination "MagnersCarlsberg2870 won by resignation"]

1. d4 Nf6 2. Nf3 c5 3. e3 cxd4 4. exd4 d5 5. Bd3 Nc6 6. c3 Bg4 7. O-O e6 8. Qe1 Bd6 9. Ne5 Bf3 10. Nxf3 Qb6 11. Ng5 O-O-O 12. b4 Rhf8 13. b5 Ne7 14. a4 Bb8 15. a5 Qd6 16. Nf3 Ng6 17. Ba3 Qc7 18. Bxf8 Nh4 19. Ne5 Rxf8 20. b6 Qd6 21.
bxa7 Bxa7 22. a6 b6 23. Na3 Nd7 24. Nb5 Qb8 25. Nxa7+ Qxa7 26. f4 Ng6 27. Nxd7 Kxd7 28. Bb5+ 1-0

[Event "Live Chess"]
[Site "Chess.com"]
[Date "2024.06.02"]
[Round "-"]
[White "Yegorych"]
[Black "MaksymYurii"]
[Result "1-0"]
[WhiteElo "1556"]
[BlackElo "952"]
[TimeControl "300"]
[EndTime "16:11:45 PDT"]
[Termination "Yegorych won on time"]

1. d4 d5 2. c4 dxc4 3. Nc3 Nf6 4.
Bg5 h6 5. Bxf6 exf6 6. e3 Be7 7. Bxc4 O-O 8. Nf3 Nc6 9. O-O Bd6 10. Nh4 b6 11.
Qb3 Na5 12. Qa4 Bd7 13. Bb5 c6 14. Bd3 c5 15. Qc2 f5 16. Nxf5 c4 17. Be4 Bc6 18. Bxc6 Nxc6 19. Ne4 Nb4 20. Qxc4 Bxh2+ 21. Kxh2 a5 22.
Qe2 g6 23. Nxh6+ Kg7 24. Rh1 Qh4+ 25. Kg1 Qxe4 26. Qc4 Rac8 27. Qb5 Rh8 28. Qd7 Rxh6 29. Rxh6 Kxh6 30. Qxc8 Nd3 31. Qh3+ Kg7 32. Qf3 1-0

[Event "Live Chess"]
[Site "Chess.com"]
[Date "2024.06.02"]
[Round "-"]
[White "Cruiseylee78"]
[Black "TedUdale"]
[Result "0-1"]
[WhiteElo "1692"]
[BlackElo "2105"]
[TimeControl "300"]
[EndTime "16:11:47 PDT"]
[Termination "TedUdale won by checkmate"]

1. d4 d5 2. Bf4 Nf6 3. e3 h5 4.
Nf3 Bg4 5. Nbd2 Nbd7 6. Bd3 e6 7. c3 c5 8. Qc2 Rc8 9. h3 Bxf3 10. Nxf3 Be7 11.
Ne5 Nxe5 12. Bxe5 cxd4 13. exd4 Nd7 14. f4 Nxe5 15. fxe5 Bh4+ 16. Kd2 Qg5+ 17. Ke2 Qxg2+ 18. Ke3 Bg5# 0-1

[Event "Live Chess"]
[Site "Chess.com"]
[Date "2024.06.02"]
[Round "-"]
[White "hapehansen"]
[Black "vincents82"]
[Result "1-0"]
[WhiteElo "2252"]
[BlackElo "2046"]
[TimeControl "300"]
[EndTime "16:11:55 PDT"]
[Termination "hapehansen won by checkmate"]

1. Nf3 d5 2. c4 c6 3. b3 Nf6 4. Bb2 Bf5 5. g3 e6 6. Bg2 Nbd7 7. d3 Be7 8. Nbd2 h6 9. e4 Bh7 10. e5 Ng8 11. Qe2 Nc5 12. O-O Bxd3 13. Qe3 Bxf1 14. Rxf1 Bg5 15. Qxc5 Bxd2 16. Nxd2 Ne7 17. Ba3 b6 18. Qd6 Qxd6 19. exd6 Nc8 20. cxd5 exd5 21.
Re1+ Kd7 22. Bh3+ Kd8 23. Nf3 c5 24. Ne5 Rf8 25. Nc6# 1-0

[Event "Live Chess"]
[Site "Chess.com"]
[Date "2024.06.02"]
[Round "-"]
[White "wadsy27"]
[Black "raclement"]
[Result "1-0"]
[WhiteElo "2569"]
[BlackElo "1729"]
[TimeControl "300"]
[EndTime "16:12:03 PDT"]
[Termination "wadsy27 won by resignation"]

1. Nf3 Nf6 2. g3 g6 3. Bg2 Bg7 4. O-O O-O 5. c4 c5 6. d4 cxd4 7. Nxd4 Nc6 8. Nc3 Nxd4 9. Qxd4 d6 10. Qd3 Bf5 11. e4 Be6 12. b3 Rc8 13. Bd2 a6 14. Rad1 Ng4 15. h3 Ne5 16. Qe2 Nc6 17.
f4 Nd4 18. Qd3 b5 19. cxb5 axb5 20. f5 Bd7 21. f6 Bxf6 22. Rxf6 exf6 23. Qxd4 Be6 24.
Bh6 Re8 25. Nd5 Bxd5 26. exd5 Re5 27. Kh2 Qe7 28. Rd2 Rc1 29. Rf2 f5 30. Bxc1 Re2 31. Rxe2 Qxe2 32. Bb2 1-0

[Event "Live Chess"]
[Site "Chess.com"]
[Date "2024.06.02"]
[Round "-"]
[White "cymbalshift"]
[Black "grillage"]
[Result "1-0"]
[WhiteElo "1719"]
[BlackElo "1853"]
[TimeControl "300"]
[EndTime "16:12:13 PDT"]
[Termination "cymbalshift won by resignation"]

1. d4 e6 2. c4 Bb4+ 3. Nc3 c5 4. d5 d6 5. g3 e5 6. Bg2 f5 7. Qc2 Nf6 8. Nf3 Ne4 9. O-O Bxc3 10. bxc3 O-O 11. h4 Nf6 12. Bg5 Qe8 13. Bh3 Ne4 14. Be3 b6 15. Ne1 Qa4 16. Qxa4 1-0

[Event "Live Chess"]
[Site "Chess.com"]
[Date "2024.06.02"]
[Round "-"]
[White "TigerTank70"]
[Black "CheckThis4"]
[Result "0-1"]
[WhiteElo "2237"]
[BlackElo "2690"]
[TimeControl "300"]
[EndTime "16:12:17 PDT"]
[Termination "CheckThis4 won by resignation"]

1. e4 e6 2. d4 d5 3. exd5 exd5 4. Nf3 Nc6 5. Be2 Bd6 6. O-O Nge7 7. c4 dxc4 8. Bxc4 O-O 9. Bg5 Bg4 10. d5 Ne5 11. Be2 Nxf3+ 12. Bxf3 Bxf3 13. Qxf3 h6 14. Bh4 Qd7 15.
Nc3 Nf5 16. Bg3 Nxg3 17. hxg3 Rfe8 18. Rfe1 a6 19. Rad1 Rxe1+ 20. Rxe1 Re8 21. Ne4 f5 0-1

[Event "Live Chess"]
[Site "Chess.com"]
[Date "2024.06.02"]
[Round "-"]
[White "nigelst"]
[Black "Duke_of_Bebington"]
[Result "1-0"]
[WhiteElo "1701"]
[BlackElo "1645"]
[TimeControl "300"]
[EndTime "16:12:27 PDT"]
[Termination "nigelst won by checkmate"]

1. e4 e5 2. Nf3 Nf6 3. Nxe5 d6 4. Nf3 Nxe4 5. Bd3 d5 6. O-O Bg4 7. Re1 f5 8. h3 Bh5 9. Bf1 Bd6 10. d3 O-O 11. dxe4 fxe4 12. Qxd5+ Bf7 13. Qxe4 Nc6 14.
Bg5 Qd7 15. Bb5 Rae8 16. Qg4 Qxg4 17. hxg4 Bd5 18. Nc3 Bxf3 19. gxf3 Rxe1+ 20. Rxe1 Rxf3 21. Bxc6 bxc6 22. Ne4 Kf7 23. Nxd6+ cxd6 24. Be3 a6 25.
Rd1 Ke6 26. Kg2 Rf7 27. Rh1 h6 28. Re1 Kd7 29. g5 hxg5 30. Bxg5 Rf5 31. f4 Rd5 32.
Re7+ Kc8 33. Rxg7 Rd2+ 34. Kg3 Rxc2 35. Bf6 d5 36. Ra7 c5 37. Rxa6 d4 38. Rd6 Rxb2 39. Rc6+ Kd7 40. Rxc5 Rxa2 41. Bxd4 Ke6 42. Be5 Ra3+ 43.
Kg4 Ra7 44. Rc6+ Kd7 45. Rg6 Ke8 46. Kg5 Rf7 47. f5 Kf8 48. f6 Ke8 49. Rg8+ Rf8 50. Rxf8+ Kxf8 51. Kg6 Kg8 52. f7+ Kf8 53. Bd6# 1-0

[Event "Live Chess"]
[Site "Chess.com"]
[Date "2024.06.02"]
[Round "-"]
[White "oscalik"]
[Black "booktrunk"]
[Result "1-0"]
[WhiteElo "2285"]
[BlackElo "1485"]
[TimeControl "300"]
[EndTime "16:12:27 PDT"]
[Termination "oscalik won by resignation"]

1. e4 b6 2. d4 Bb7 3. Nc3 e6 4. f4 h6 5. Nf3 Bb4 6. Bd3 Nf6 7. Qe2 O-O 8. Bd2 Bxc3 9. Bxc3 d6 10.
Rg1 Nbd7 11. g4 Nh7 12. h4 f6 13. O-O-O Kf7 14. e5 dxe5 15. Bxh7 Qe7 16. fxe5 Ke8 17. Be4 Bxe4 18. Qxe4 Rb8 19. Rge1 Kd8 20. Kb1 Kc8 21. exf6 Rxf6 22. d5 Nc5 23. Bxf6 Nxe4 24. Bxe7 1-0

[Event "Live Chess"]
[Site "Chess.com"]
[Date "2024.06.02"]
[Round "-"]
[White "NebodarMatevich"]
[Black "Queensandpawns"]
[Result "0-1"]
[WhiteElo "1562"]
[BlackElo "2310"]
[TimeControl "300"]
[EndTime "16:12:46 PDT"]
[Termination "Queensandpawns won by resignation"]

1. e4 d5 2. exd5 c6 3. dxc6 Nxc6 4. Nf3 e5 5. Bb5 e4 6. Bxc6+ bxc6 7. Ng1 Bc5 8. Qe2 Nf6 9. c3 O-O 10. b4 Bb6 11. Nh3 Bg4 12. Qc4 Re8 13. O-O Bxh3 14. gxh3 Qd7 15. d4 Qxh3 16. Be3 Bc7 0-1

[Event "Live Chess"]
[Site "Chess.com"]
[Date "2024.06.02"]
[Round "-"]
[White "KGreenGator"]
[Black "ACM42"]
[Result "0-1"]
[WhiteElo "1760"]
[BlackElo "2164"]
[TimeControl "300"]
[EndTime "16:13:12 PDT"]
[Termination "ACM42 won by resignation"]

1. c4 Nf6 2. Nc3 g6 3. d4 Bg7 4. e3 O-O 5. Nf3 d6 6. Be2 Nbd7 7. O-O b6 8. e4 e5 9. d5 a5 10. a3 h5 11. Re1 Nh7 12. h4 Nc5 13. g3 a4 14. Be3 Nb3 15. Nxa4 Nxa1 0-1

[Event "Live Chess"]
[Site "Chess.com"]
[Date "2024.06.02"]
[Round "-"]
[White "gmnorfolk"]
[Black "blunderabit"]
[Result "1-0"]
[WhiteElo "2135"]
[BlackElo "1774"]
[TimeControl "300"]
[EndTime "16:13:34 PDT"]
[Termination "gmnorfolk won on time"]

1. d4 d5 2. Nf3 Nf6 3. c4 dxc4 4. e3 b5 5. a4 b4 6. Bxc4 e6 7. O-O Be7 8. Ne5 Bb7 9. Qb3 Nbd7 10. f4 Nb6 11. Bb5+ Kf8 12. f5 Qd5 13. Qxd5 Bxd5 14.
fxe6 Bxe6 15. a5 Nbd5 16. e4 Nxe4 17. Bc6 Rd8 18. a6 Ndf6 19. Be3 Bd5 20. Bb7 c5 21. Ra5 cxd4 22. Bxd4 g6 23. Bxd5 Rxd5 24. Rxd5 Nxd5 25. Rxf7+ Ke8 26. Rf1 Rf8 27. Rc1 Nd6 28. Nd2 1-0

[Event "Live Chess"]
[Site "Chess.com"]
[Date "2024.06.02"]
[Round "-"]
[White "Outspanner"]
[Black "IgorSchukin"]
[Result "0-1"]
[WhiteElo "1509"]
[BlackElo "1737"]
[TimeControl "300"]
[EndTime "16:14:21 PDT"]
[Termination "IgorSchukin won by resignation"]

1. d4 d5 2. Bg5 Nf6 3. Bxf6 exf6 4. e3 Bd6 5. c4 c6 6. c5 Bc7 7. Bd3 O-O 8. Qh5 g6 9. Qh6 Re8 10. h4 Qe7 11. h5 Qf8 12. Qxf8+ Rxf8 13. h6 f5 14. f4 Re8 15. Kd2 Nd7 16. Nf3 b6 17. b4 bxc5 18. bxc5 Rb8 19. Nc3 Rb2+ 20. Bc2 Ba5 21.
Rhe1 Nf6 22. Rab1 Ne4+ 23. Kc1 Rxb1+ 24. Kxb1 Nxc3+ 25. Kb2 Na4+ 26. Bxa4 Bxe1 27. Nxe1 Rxe3 28. Nc2 Re2 29. Bxc6 Ba6 30. Bxd5 Bd3 31. Bb3 Kf8 32. Kc3 Bxc2 33. Bxc2 Rxg2 34. c6 Ke7 35. d5 Kd6 36.
a4 Rf2 37. Bb3 Rxf4 0-1

[Event "Live Chess"]
[Site "Chess.com"]
[Date "2024.06.02"]
[Round "-"]
[White "KwikPhoenix"]
[Black "koekoekoe"]
[Result "1-0"]
[WhiteElo "2445"]
[BlackElo "1965"]
[TimeControl "300"]
[EndTime "16:14:30 PDT"]
[Termination "KwikPhoenix won by resignation"]

1. g3 d5 2. Bg2 Nf6 3. Nf3 Bf5 4.
e3 e6 5. d4 c6 6. O-O Be7 7.
Nbd2 Nbd7 8. b3 O-O 9. Bb2 Nb6 10. c4 dxc4 11. bxc4 Ne4 12. Qb3 Rb8 13. a4 Nxd2 14.
Nxd2 Bf6 15. a5 Nd7 16. Nf3 Be4 17. Rfd1 Qc7 18. Nd2 Bxg2 19. Kxg2 c5 20. Nf3 cxd4 21. exd4 Rfc8 22. Rdc1 Qd6 23. Ba3 Qa6 24. Bb2 Rc7 25.
d5 Bxb2 26. Qxb2 Rxc4 27. dxe6 Qxe6 28. Rxc4 Qxc4 29. a6 bxa6 30. Qd2 Nf6 31. Qd6 h6 32. Qxb8+ Kh7 33. Qxa7 Ng4 34. Qxa6 Qc2 35. Qb6 Qe2 36. h3 Nf6 37. Qe3 Qc4 38. Rd1 Qc6 39. Rc1 Qa4 40. Qc5 Qe4 41. Qc2 g5 42. Qxe4+ 1-0

[Event "Live Chess"]
[Site "Chess.com"]
[Date "2024.06.02"]
[Round "-"]
[White "CCGoodKnightRookie"]
[Black "toog"]
[Result "0-1"]
[WhiteElo "2305"]
[BlackElo "2603"]
[TimeControl "300"]
[EndTime "16:14:38 PDT"]
[Termination "toog won by resignation"]

1. d4 d6 2. e4 e5 3. Nf3 Nf6 4. dxe5 Nxe4 5. Bc4 Nc5 6. O-O Be6 7. Bxe6 Nxe6 8. Nc3 Nc6 9. Re1 dxe5 10. Qxd8+ Rxd8 11. Nxe5 Nxe5 12. Rxe5 Bb4 13. Be3 Bxc3 14. bxc3 b6 15. a4 O-O 16. a5 Rd6 17. axb6 axb6 18. g3 Rfd8 19. Kg2 Rc6 20. Ra3 h6 21. h4 Rdd6 22.
Re4 Rd5 23. c4 Ra5 24. Bc1 Rac5 25. Ra8+ Kh7 26. Ra4 Rf5 27. Be3 Ra5 28. Rxa5 bxa5 29.
Re5 Ra6 30. f4 a4 31. f5 Nd8 32. Rc5 Nc6 33. Bd2 a3 34. Bc3 a2 35. Ba1 Kg8 36.
h5 f6 37. Kf3 Nb4 38. Rxc7 Nxc2 39. Rc8+ Kh7 40. Bc3 Ra3 0-1

[Event "Live Chess"]
[Site "Chess.com"]
[Date "2024.06.02"]
[Round "-"]
[White "jk0110"]
[Black "StoreySniper"]
[Result "0-1"]
[WhiteElo "1225"]
[BlackElo "2529"]
[TimeControl "300"]
[EndTime "16:14:59 PDT"]
[Termination "StoreySniper won by resignation"]

1. e4 g6 2. d4 Bg7 3. Nf3 c5 4. Bc4 cxd4 5. c3 d5 6. Bxd5 Nf6 7. Qxd4 O-O 8. Bg5 Nxd5 9. Qxd5 Qb6 10. O-O Qxb2 11.
Nbd2 Nc6 12. Rac1 Be6 13. Qd3 Rfd8 14. Qe3 Qxa2 15. Bh6 Bg4 16. Bxg7 Kxg7 17. Ng5 Qxd2 18. Nxf7 Kxf7 19. h3 Be6 20. Qf3+ Kg7 21. Rcd1 Qg5 22.
Rxd8 Rxd8 23. c4 Ne5 24. Qc3 Rd3 25. f4 Rxc3 26. fxg5 Bxc4 27. Ra1 a6 28. Ra5 Nc6 29. Rc5 a5 30. Kh2 a4 0-1

[Event "Live Chess"]
[Site "Chess.com"]
[Date "2024.06.02"]
[Round "-"]
[White "EPotapov05"]
[Black "gobbles19"]
[Result "0-1"]
[WhiteElo "1804"]
[BlackElo "2280"]
[TimeControl "300"]
[EndTime "16:15:01 PDT"]
[Termination "gobbles19 won by resignation"]

1. d4 Nf6 2. c4 e6 3. Nc3 c5 4. d5 exd5 5. cxd5 d6 6. e4 g6 7. Nf3 Bg7 8. Be2 O-O 9. O-O Re8 10.
Qc2 Na6 11. a3 Nc7 12. a4 b6 13. Re1 a6 14. Bd3 Rb8 15. h3 b5 16. axb5 axb5 17. Bf4 c4 18. Bf1 Na6 19. Nd2 Nb4 20. Qb1 Nh5 21. Bh2 Be5 22. Bxe5 Rxe5 23. Kh1 Nf4 24. Nf3 Re8 25. Ra7 Nbd3 26. Bxd3 Nxd3 27. Rf1 Qb6 28.
Ra1 Nxf2+ 29. Kh2 Nd3 30. Qc2 Bd7 31. b3 Rbc8 32. bxc4 bxc4 33. Rfb1 Qe3 34. Re1 Qf4+ 35. Kg1 Bxh3 36. gxh3 Qxf3 37. Rf1 Qxh3 0-1

[Event "Live Chess"]
[Site "Chess.com"]
[Date "2024.06.02"]
[Round "-"]
[White "nigelst"]
[Black "oscalik"]
[Result "1-0"]
[WhiteElo "1716"]
[BlackElo "2270"]
[TimeControl "300"]
[EndTime "16:15:04 PDT"]
[Termination "nigelst won by checkmate"]

1. e4 c5 2. Nf3 Nf6 3. e5 Nd5 4.
c3 d6 5. d4 cxd4 6. cxd4 Nc6 7. Nc3 Nxc3 8. bxc3 dxe5 9. d5 e4 10. dxc6 Qxd1+ 11. Kxd1 exf3 12. Bb5 Kd8 13. Bf4 fxg2 14. c7# 1-0

[Event "Live Chess"]
[Site "Chess.com"]
[Date "2024.06.02"]
[Round "-"]
[White "viktor_forever1994"]
[Black "Sir_Sigmund"]
[Result "0-1"]
[WhiteElo "1374"]
[BlackElo "1850"]
[TimeControl "300"]
[EndTime "16:15:33 PDT"]
[Termination "Sir_Sigmund won on time"]

1. e4 e6 2. d4 d5 3. exd5 exd5 4.
Nf3 Be6 5. h3 Bd6 6. c4 c6 7.
Nc3 dxc4 8. Qa4 b5 9. Qc2 Nf6 10. Be2 Nbd7 11. Bg5 h6 12. Bh4 g5 13. Bg3 Bxg3 14.
fxg3 Qc7 15. Kf2 O-O-O 16. Rhe1 Nb6 17. Rad1 Bd5 18. Qf5+ Nfd7 19. Ne5 f6 20. Ng6 Rhe8 21. Bg4 Rxe1 22. Rxe1 Qd6 23. Re7 b4 24. Nxd5 Nxd5 25. Re2 Nb6 26. Ne7+ Kc7 27. a3 Qxd4+ 28. Re3 Ne5 29. Bf3 Nd3+ 0-1

[Event "Live Chess"]
[Site "Chess.com"]
[Date "2024.06.02"]
[Round "-"]
[White "Rusty_Bridges"]
[Black "dmitro74"]
[Result "0-1"]
[WhiteElo "1472"]
[BlackElo "1663"]
[TimeControl "300"]
[EndTime "16:15:36 PDT"]
[Termination "dmitro74 won by resignation"]

1. e4 e6 2. d4 d5 3. exd5 exd5 4.
Nf3 Nf6 5. Bd3 Bd6 6. O-O O-O 7. Bg5 h6 8. Bh4 Be6 9. c3 Nbd7 10. Nbd2 c6 11. Rc1 Qc7 12. Bb1 Rfe8 13. Qc2 Nf8 14.
Rfe1 g5 15. Nxg5 hxg5 16. Bxg5 Ne4 17. Nxe4 dxe4 18. Qxe4 Bxh2+ 19. Kh1 Bd5 20. Qg4 Be6 21. Qh5 Bf4 22. Bf6 Ng6 23. Bxg6 fxg6 24. Qxg6+ Kf8 25. Rc2 Qf7 26. Qxf7+ Kxf7 27. Bh4 Bf5 28. Rce2 Rxe2 29. Rxe2 Re8 30. Rxe8 Kxe8 31. f3 Bc1 32. b3 Bd2 33.
c4 Bb1 34. a3 Ba2 35. g4 Bxb3 36. c5 Bc1 0-1

[Event "Live Chess"]
[Site "Chess.com"]
[Date "2024.06.02"]
[Round "-"]
[White "WelshTiger"]
[Black "JanMur7"]
[Result "1-0"]
[WhiteElo "2480"]
[BlackElo "2302"]
[TimeControl "300"]
[EndTime "16:15:50 PDT"]
[Termination "WelshTiger won by resignation"]

1. e4 g6 2. d4 Bg7 3. Nc3 c5 4. d5 d6 5. h3 Nf6 6. Nf3 O-O 7. Bc4 a6 8. a4 Nbd7 9. O-O Rb8 10. a5 b5 11. axb6 Qxb6 12. Ra2 Qb4 13. b3 Qxc3 14.
Bd2 Qxc4 15. bxc4 Nxe4 16. Ba5 Nb6 17. Qd3 Bf5 18. Nh4 Nxf2 19. Qe2 Ne4 20. Nxf5 gxf5 21. Rf3 Bd4+ 22. Kh1 Kh8 23. g4 fxg4 24. hxg4 Ng5 25.
Rf5 Bf6 26. Rxf6 exf6 27. Bc3 Nd7 28. Rxa6 Rb1+ 29. Kg2 Ne5 30. Rxd6 Re8 31. Rxf6 1-0

[Event "Live Chess"]
[Site "Chess.com"]
[Date "2024.06.02"]
[Round "-"]
[White "Queensandpawns"]
[Black "SavagePawn7"]
[Result "1-0"]
[WhiteElo "2310"]
[BlackElo "642"]
[TimeControl "300"]
[EndTime "16:16:13 PDT"]
[Termination "Queensandpawns won by resignation"]

1. e4 d5 2. Nc3 d4 3. Nd5 e6 4. Nf4 e5 5. Nd5 c6 6. c4 cxd5 7. cxd5 Nf6 8. Nf3 Bg4 9. Be2 Bb4 10. Qa4+ Nfd7 11. Qxb4 Na6 12. Qd6 Nf6 13. Bb5+ Nd7 14. Nxe5 f6 15. Nxg4 1-0

[Event "Live Chess"]
[Site "Chess.com"]
[Date "2024.06.02"]
[Round "-"]
[White "ACM42"]
[Black "MagnersCarlsberg2870"]
[Result "1-0"]
[WhiteElo "2166"]
[BlackElo "1774"]
[TimeControl "300"]
[EndTime "16:16:33 PDT"]
[Termination "ACM42 won by resignation"]

1. e4 d6 2. d4 Nf6 3. Nc3 g6 4.
f4 Bg7 5. Nf3 c5 6. e5 dxe5 7.
fxe5 Nd5 8. Bb5+ Kf8 9. dxc5 e6 10. O-O Qa5 11. a4 a6 12. Nxd5 axb5 13. Ng5 exd5 14.
Nxf7 Bf5 15. Nxh8 Bxh8 16. g4 1-0

[Event "Live Chess"]
[Site "Chess.com"]
[Date "2024.06.02"]
[Round "-"]
[White "upoe610"]
[Black "TheSmoulderingMaster"]
[Result "1-0"]
[WhiteElo "2197"]
[BlackElo "1748"]
[TimeControl "300"]
[EndTime "16:16:34 PDT"]
[Termination "upoe610 won by resignation"]

1. c3 d5 2. g3 e5 3. Bg2 Nf6 4. d4 e4 5. c4 c6 6. Nc3 Bg4 7. h3 Bh5 8. Qb3 Qd7 9. e3 Na6 10. Nge2 Nc7 11. Nf4 Bg6 12. O-O Bd6 13. cxd5 cxd5 14.
Nfxd5 Ncxd5 15. Nxd5 Nxd5 16. Qxd5 O-O 17. Bd2 Rad8 18.
Rac1 Qa4 19. a3 Bxg3 20. Qc4 Qxc4 21. Rxc4 Bd6 22. Bb4 Bxb4 23. Rxb4 b6 24. Rc1 Rd7 25. Rbc4 h6 26. Rc7 Rfd8 27. Kf1 Kf8 28. Ke2 Ke7 29. Rxd7+ Rxd7 30. Rc6 Kd8 31. Kd2 Ke7 32. Kc3 Kd8 33. Kb4 Rd5 34. Bf1 a5+ 35. Kb3 b5 36. a4 bxa4+ 37. Kxa4 Bh5 38. Ra6 Bd1+ 39. b3 Rf5 40. Rxa5 Bxb3+ 41. Kb4 Rxf2 42. Ra8+ Ke7 43. Ra7+ Kf6 44.
Bb5 Bd1 45. Be8 Kg6 46. d5 Rd2 47. Rxf7 Kh7 48. Kc5 Bb3 49. d6 Bxf7 50. Bxf7 g5 51. Bd5 Kg7 52. d7 1-0